 Dungeon Crawl Stone Soup version 0.29-a0-418-gc0181ea820 (webtiles) character file.

Game seed: 12050650690932772922

137 bande the Shield-Bearer (level 5, -3/47 HPs)
             Began as a Minotaur Fighter on May 17, 2022.
             Killed from afar by an orc wizard (7 damage)
             ... with a magic dart
             ... on level 3 of the Dungeon.
             The game lasted 00:03:15 (1756 turns).

bande the Shield-Bearer (Minotaur Fighter)          Turns: 1756, Time: 00:03:16

Health: -3/47      AC: 10    Str: 21    XL:     5   Next: 0%
Magic:  4/4        EV:  7    Int:  5    God:
Gold:   114        SH:  5    Dex: 11    Spells: 4/4 levels left

rFire   . . .      SeeInvis .   h - +4 hand axe
rCold   . . .      Faith    .   c - +0 buckler
rNeg    . . .      Spirit   .   o - +0 chain mail
rPois   .          Reflect  .   (helmet restricted)
rElec   .          Harm     .   (no cloak)
rCorr   .          Rampage  .   n - +0 pair of gloves
Will    .....                   (no boots)
Stlth   ..........              (no amulet)
HPRegen 0.15/turn               (no ring)
MPRegen 0.09/turn               (no ring)

@: no status effects
A: horns 2, retaliatory headbutt
a: no special abilities


You were on level 3 of the Dungeon.
You visited 1 branch of the dungeon, and saw 3 of its levels.

You collected 114 gold pieces.

Inventory:

Hand Weapons
 a - a +0 war axe
 h - a +4 hand axe (weapon)
 j - a +0 flail
Armour
 c - a +0 buckler (worn)
 n - a +0 pair of gloves (worn)
 o - a +0 chain mail (worn)
Scrolls
 b - 2 scrolls of amnesia {unknown}
 e - 2 scrolls of teleportation {unknown}
 f - a scroll of silence {unknown}
 m - a scroll of identify {unknown}
 p - a scroll of fog {unknown}
 s - a scroll of enchant weapon {unknown}
Potions
 d - 3 potions of might
 g - a potion of ambrosia {unknown}
 i - a potion of haste {unknown}
 k - a potion of heal wounds {unknown}
 l - a potion of magic {unknown}
 q - a potion of cancellation {unknown}
 r - 2 potions of lignification {unknown}


   Skills:
 + Level 4.5 Fighting
 + Level 3.8 Axes
 + Level 4.4 Armour
 - Level 0.5 Dodging
 + Level 4.7 Shields


You had 4 spell levels left.
You didn't know any spells.
Your spell library contained the following spells:

 Spells                   Type           Power      Damage    Failure   Level
 Magic Dart               Conj           0%         1d3       99%         1
 Call Imp                 Summ           0%         N/A       100%        2
 Mephitic Cloud           Conj/Pois/Air  0%         N/A       100%        3


Dungeon Overview and Level Annotations

Branches:
Dungeon (3/15)

Altars:


Innate Abilities, Weirdness & Mutations

You have a pair of horns on your head.
You reflexively headbutt those who attack you in melee.


Message History

The orc wizard hits you with a +0 dagger.
* * * LOW HITPOINT WARNING * * *
The orc priest calls upon Beogh to heal the orc wizard.
The orc wizard is healed somewhat.
You completely miss the orc priest.
The orc priest is severely wounded.
You closely miss the orc wizard.
You feel less confused.
The orc wizard points at you and mumbles some strange words.
You are confused.
The orc priest hits you but does no damage.
You closely miss the orc wizard. Your headbutt misses the orc wizard.
The orc wizard is heavily wounded.
You slash the orc priest!
You kill the orc priest!
The orc wizard barely misses you.
You have reached level 5!
You bump into the rock wall.
The orc wizard hits you with a +0 dagger.
* * * LOW HITPOINT WARNING * * *
You closely miss the orc wizard. Your headbutt misses the orc wizard.
The orc wizard is heavily wounded.
The orc wizard hits you but does no damage. x2
You bump into the rock wall.
The orc wizard barely misses you.
You bump into the rock wall.
The orc wizard hits you but does no damage.
The orc wizard hits you but does no damage.
Items here: ))) [ †.
The orc wizard attacks as you move away!
The orc wizard barely misses you.
You feel less confused.
You hit the orc wizard but do no damage.
The orc wizard is heavily wounded.
The orc wizard hits you with a +0 dagger.
* * * LOW HITPOINT WARNING * * *
You barely miss the orc wizard.
The orc wizard is heavily wounded.
The orc wizard points at you and mumbles some strange words.
The magic dart hits you!
You die...

.. .# # .# .## ###
##.##.. #.# #....#
#####.### #....#
#.......#######....###.
##........#..))o@.......
#.........#.##.##.#.....
#...........##.# ... ...
#.##...##...#..# ..## #
............#... ..+
..##.#.........# ..#
................ ...
####.#.##...........
#..........##.


You could see an orc wizard.

Vanquished Creatures
  An orc priest (D:3)
  5 adders
  2 worms
  A dart slug (D:1)
  3 orcs (D:3)
  5 ball pythons
  An endoplasm (D:1)
  2 giant cockroaches
  5 goblins
  7 hobgoblins
  4 jackals (D:1)
  A kobold (D:1)
  A quokka (D:1)
  5 bats
  3 frilled lizards
  4 rats
50 creatures vanquished.

Vanquished Creatures (others)
  26 plants (D:1)
26 creatures vanquished.

Grand Total: 76 creatures vanquished

Notes
Turn   | Place    | Note
-------+----------+-------------------------------------------
     0 | D:1      | bande the Minotaur Fighter began the quest for the Orb.
     0 | D:1      | Reached XP level 1. HP: 19/19 MP: 0/0
    61 | D:1      | Reached XP level 2. HP: 20/27 MP: 1/1
   659 | D:2      | Reached XP level 3. HP: 33/33 MP: 2/2
  1062 | D:2      | Reached XP level 4. HP: 41/41 MP: 3/3
  1193 | D:2      | Found a faded altar of an unknown god.
  1749 | D:3      | Reached XP level 5. HP: 6/47 MP: 4/4
  1756 | D:3      | Killed from afar by an orc wizard

Illustrated notes

Levels and vault maps discovered:
D:1:      roderic_crop_circles_arrival_small, layout_rooms
D:2:      layout_basic, ebering_ecumenical_altar_petrified
D:3:      layout_basic, zin_scriptorium

Skill      XL: |  1  2  3 |
---------------+----------+-----
Armour         | 4 |  4.4
Shields        | 4 |  4.7
Axes           | 3 |  3.8
Fighting       | 4 |  4.5
Dodging        | |  0.5

Action                   |  1- 3 |  4- 6 || total
-------------------------+-------+-------++-------
Melee: War axe           |    36 |       ||    36
       Headbutt          |    14 |     5 ||    19
       Hand axe          |    38 |    36 ||    74
Armor: Scale mail        |    19 |       ||    19
       Chain mail        |    13 |    18 ||    31
Dodge: Dodged            |    36 |    17 ||    53
Block: Buckler           |    19 |     9 ||    28

Table legend: (Time is in decaauts)
 A = Elapsed time spent in this place.
 B = Non-inter-level travel time spent in this place.
 C = Inter-level travel time spent in this place.
 D = Time resting spent in this place.
 E = Time spent auto-exploring this place.
 F = Levels seen in this place.
 G = Mean time per level.
                   A        B        C        D        E       F      G
               +--------+--------+--------+--------+--------+-----+--------+
         Total |   1782 |   1730 |     52 |      0 |   1376 |   3 |  594.0 |
       Dungeon |   1782 |   1730 |     52 |      0 |   1376 |   3 |  594.0 |
               +--------+--------+--------+--------+--------+-----+--------+

Top non-repeatable levels by time:
     D:2: 905 daAuts
     D:1: 544 daAuts
     D:3: 332 daAuts
